 Dungeon Crawl Stone Soup version 0.31-a0-986-g5e6e4ef867 (webtiles) character file.

Game seed: 3935219414021408402

121 Naiya55 the Trooper (level 5, 0/43 HPs)
             Began as a Formicid Fighter on Nov 4, 2023.
             Slain by an orc
             ... wielding a +0 flail
              (4 damage)
             ... on level 3 of the Dungeon.
             The game lasted 00:02:31 (2752 turns).

Naiya55 the Trooper (Formicid Fighter)              Turns: 2752, Time: 00:02:32

Health: 0/43       AC:  6    Str: 23    XL:     5   Next: 26%
Magic:  5/5        EV:  9    Int:  7    God:
Gold:   188        SH:  5    Dex: 13    Spells: 4/4 levels left

rFire   . . .        a - +0 war axe
rCold   . . .        c - +0 buckler
rNeg    . . .        b - +0 scale mail
rPois   .            (helmet unavailable)
rElec   .            (no cloak)
rCorr   .            (no gloves)
SInv    +            (no boots)
Will    .....        (no amulet) Stlth
                     (no ring)
HPRegen 0.27/turn    (no ring)
MPRegen 0.09/turn

%: no passive effects
@: no status effects
A: permanent stasis, dig shafts and tunnels, antennae 3, four strong arms
a: Dig, Shaft Self


You were on level 3 of the Dungeon.
You visited 1 branch of the dungeon, and saw 4 of its levels.

You collected 188 gold pieces.

Inventory:

Hand Weapons
 a - a +0 war axe (weapon)
Armour
 b - a +0 scale mail (worn)
 c - a +0 buckler (worn)
Scrolls
 f - 2 scrolls of teleportation {unknown}
 g - 7 scrolls of identify {unknown}
 m - a scroll of enchant armour {unknown}
 n - a scroll of poison {unknown}
 o - a scroll of noise {unknown}
 p - a scroll of blinking {unknown}
Potions
 d - a potion of might
 e - a potion of ambrosia {unknown}
 h - a potion of heal wounds {unknown}
 i - a potion of invisibility {unknown}
 j - a potion of curing {unknown}
 k - a potion of brilliance {unknown}
 l - 2 potions of lignification {unknown}
 q - a potion of mutation {unknown}


   Skills:
 + Level 4.4 Fighting
 * Level 4.2 Axes
 - Level 3.2 Armour
 - Level 4.0 Shields


You had 4 spell levels left.
You didn't know any spells.
Your spell library contained the following spells:

 Spells                   Type           Power      Damage    Failure   Level
 Apportation              Tloc           0%         N/A       80%         1
 Necrotise                Necr           0%         1d4       80%         1
 Summon Small Mammal      Summ           0%         N/A       80%         1
 Dazzling Flash           Conj/Hex       0%         N/A       99%         3
 Volatile Blastmotes      Fire/Tloc      0%         2d10      99%         3
 Starburst                Conj/Fire      0%         6d3       100%        6
 Maxwell's Capacitive Co  Air            0%         ∞         100%        8


Dungeon Overview and Level Annotations

Branches:
Dungeon (4/15)
 Temple: D:4-7

Altars:
Cheibriados


Innate Abilities, Weirdness & Mutations

You cannot be hasted, slowed, berserked, paralysed or teleported.
You can dig through walls and to a lower floor.
You have a pair of large antennae on your head. (SInv)
Your four strong arms can wield two-handed weapons with a shield.


Message History

There is a stone staircase leading down here.
You climb downwards.
The quokka bites you but does no damage.
The orc hits you with a +0 flail. You block the orc's attack.
The orc hits you with a +0 club.
The quokka bites you but does no damage.
There is a stone staircase leading up here.
The quokka barely misses you. The orc hits you with a +0 club.
The orc hits you with a +0 flail!
You climb upwards.
There is a stone staircase leading down here.
The quokka attacks as it pursues you! You block the quokka's attack.
The orc hits you but does no damage. The orc hits you with a +0 club.
The orc hits you but does no damage.
Things that are here:
a +0 club; an orc corpse The quokka attacks as it pursues you!
The quokka barely misses you. You block the orc's attack.
The orc hits you with a +0 flail. The quokka barely misses you.
You slash the quokka!
You kill the quokka!
You barely miss the orc. The orc hits you but does no damage.
The orc closely misses you.
You hit the orc but do no damage. The orc hits you with a +0 flail.
* * * LOW HITPOINT WARNING * * *
You barely miss the orc. The orc hits you with a +0 flail.
* * * LOW HITPOINT WARNING * * *
Okay, then.
You closely miss the orc. The orc closely misses you.
The orc hits you with a +0 flail.
* * * LOW HITPOINT WARNING * * *
You hit the orc.
The orc is lightly wounded.
The orc hits you but does no damage.
You barely miss the orc.
The orc is lightly wounded.
The orc hits you with a +0 flail.
* * * LOW HITPOINT WARNING * * *
You barely miss the orc. The orc hits you with a +0 flail.
You die...

###########
..........######
#########....|.#
#########.###
#...........#
#>#######.#.# #.#####
#.#@#########
#.#...###.#o#.......#
#.#...#.>)oo#.#####.#
#.#...............#.#
#.#.....#.###.......#
#.#.....#.........########
#.##'#....####...........#
#....##.#..........####.##
####.##.######.###.# #.#


You could see 3 orcs.

Vanquished Creatures
  A jelly (D:3)
  2 adders (D:3)
  A worm (D:2)
  A dart slug (D:1)
  5 orcs (D:3)
  4 bats
  4 endoplasms
  3 giant cockroaches (D:1)
  2 goblins
  3 hobgoblins
  4 jackals (D:1)
  5 quokkas
  9 ball pythons
  3 frilled lizards
  5 kobolds
  9 rats
61 creatures vanquished.

Notes
Turn   | Place    | Note
-------+----------+-------------------------------------------
     0 | D:1      | Naiya55 the Formicid Fighter began the quest for the Orb.
     0 | D:1      | Reached XP level 1. HP: 18/18 MP: 1/1
    90 | D:1      | Reached XP level 2. HP: 24/24 MP: 2/2
   234 | D:1      | Reached XP level 3. HP: 27/30 MP: 3/3
  1221 | D:2      | Reached XP level 4. HP: 28/37 MP: 4/4
  2123 | D:3      | Found a snail-covered altar of Cheibriados.
  2128 | D:3      | Reached XP level 5. HP: 26/43 MP: 5/5
  2752 | D:3      | Slain by an orc

Illustrated notes

Levels and vault maps discovered:
D:1:      dpeg_arrival_ratfight, layout_basic
D:2:      layout_basic
D:3:      layout_basic, cheibriados_altar_1,
          nicolae_concentric_dashed_squares_mild, minmay_misc_feat_tower
D:4:      layout_basic, minmay_temple_entry_large_hall,
          chequers_serial_rivers_small_b, hangedman_decor_opposing

Skill      XL: |  1  2  3  4 |
---------------+-------------+-----
Axes           | 3 4 |  4.2
Fighting       | 4 |  4.4
Armour         | |  3.2
Shields        | |  4.0

Action                     |  1- 3 |  4- 6 || total
---------------------------+-------+-------++-------
  Melee: War axe           |   124 |    66 ||   190
 Armour: Scale mail        |    94 |    58 ||   152
  Dodge: Dodged            |    66 |    22 ||    88
  Block: Buckler           |    32 |    20 ||    52

Table legend: (Time is in decaauts)
 A = Elapsed time spent in this place.
 B = Non-inter-level travel time spent in this place.
 C = Inter-level travel time spent in this place.
 D = Time resting spent in this place.
 E = Time spent auto-exploring this place.
 F = Levels seen in this place.
 G = Mean time per level.
                   A        B        C        D        E       F      G
               +--------+--------+--------+--------+--------+-----+--------+
         Total |   2823 |   2798 |     25 |      0 |   2318 |   4 |  705.8 |
       Dungeon |   2823 |   2798 |     25 |      0 |   2318 |   4 |  705.8 |
               +--------+--------+--------+--------+--------+-----+--------+

Top non-repeatable levels by time:
     D:3: 1105 daAuts
     D:1: 1037 daAuts
     D:2: 674 daAuts
     D:4: 6 daAuts
